 Dungeon Crawl Stone Soup version 0.24.0-13-gcf9b319 (webtiles) character file.

Game seed: 12288986938098731919, levelgen mode: deterministic

98 Fang the Skirmisher (level 4, -3/29 HPs)
             Began as a Gargoyle Berserker on Nov 21, 2019.
             Was a Believer of Trog.
             Slain by an orc
             ... wielding a +0 flail
              (6 damage)
             ... on level 3 of the Dungeon.
             The game lasted 00:01:44 (1916 turns).

Fang the Skirmisher (Gargoyle Berserker)            Turns: 1916, Time: 00:01:44

Health: -3/29      AC:  5    Str: 21    XL:     4   Next: 71%
Magic:  4/4        EV: 12    Int:  8    God:    Trog [**....]
Gold:   159        SH:  0    Dex:  9    Spells: 3/3 levels left

rFire    . . .     SeeInvis .   a - +0 hand axe
rCold    . . .     Gourm    .   (no shield)
rNeg     + . .     Faith    .   b - +0 animal skin
rPois    ∞         Spirit   .   (no helmet)
rElec    +         Reflect  .   (no cloak)
rCorr    .         Harm     .   (no gloves)
MR       .....                  (no boots)
Stlth    +.........             (no amulet)
HPRegen  0.09/turn              (no ring)
MPRegen  0.09/turn              (no ring)

@: no status effects
A: negative energy resistance 1, electricity resistance, unbreathing,
petrification resistance, rot immunity, AC +3
a: Berserk, Trog's Hand, Renounce Religion


You were on level 3 of the Dungeon.
You worshipped Trog.
Trog was pleased with you.
You were not hungry.

You visited 1 branch of the dungeon, and saw 3 of its levels.

You collected 159 gold pieces.

Inventory:

Hand Weapons
 a - a +0 hand axe (weapon)
Armour
 b - a +0 animal skin (worn)
Scrolls
 e - 5 scrolls of identify {unknown}
 f - a scroll of blinking {unknown}
 j - a scroll of amnesia {unknown}
 k - a scroll of remove curse {unknown}
Potions
 g - a potion of flight {unknown}
 h - 4 potions of curing {unknown}
 i - a potion of might {unknown}
Comestibles
 c - 4 rations
 d - 2 chunks of flesh


   Skills:
 + Level 4.0 Fighting
 + Level 3.3 Axes
 + Level 3.1 Armour
 + Level 2.3 Dodging


You had 3 spell levels left.
You didn't know any spells.
Your spell library was empty.

Dungeon Overview and Level Annotations

Branches:
Dungeon (3/15)

Altars:
Makhleb
Trog


Innate Abilities, Weirdness & Mutations

You are resistant to torment.
Your stone body is resilient. (AC +3)
You are immune to poison.
You resist negative energy. (rN+)
You are resistant to electric shocks. (rElec)
You can survive without breathing.
You are immune to petrification.
You are immune to rotting.


Message History

The orc closely misses you.
You closely miss the orc.
The orc is heavily wounded.
The orc closely misses you.
You closely miss the orc.
The orc is heavily wounded.
The orc hits you with a +0 flail!
* * * LOW HITPOINT WARNING * * *
You barely miss the orc.
The orc is heavily wounded.
The orc hits you with a +0 flail.
* * * LOW HITPOINT WARNING * * *
Some of the chunks of flesh in your inventory have rotted away.
You hit the orc.
The orc is almost dead.
The orc closely misses you.
You barely miss the orc.
The orc is almost dead.
The orc hits you with a +0 flail.
You die...

...# ##.#####.#
.#.#######........#
..............##..#
...###.###..#.##..###
.#.##...##..#.......###
.#.#.....#............#
...##...##.#####.##.#.#
######.###.......# #.#
#####[.@# #.# #.#o...#
#.?.#### ##..# #...
#..# ## .... .+ .... ##


You could see an orc.

Vanquished Creatures
  Robin (D:2)
  2 adders (D:2)
  2 worms (D:2)
  2 dart slugs
  2 leopard geckos
  2 giant cockroaches
  6 hobgoblins
  6 kobolds
  A quokka (D:3)
  5 bats
  4 frilled lizards
  16 goblins
  11 rats
60 creatures vanquished.

Notes
Turn   | Place    | Note
-------+----------+-------------------------------------------
     0 | D:1      | Fang the Gargoyle Berserker began the quest for the Orb.
     0 | D:1      | Reached XP level 1. HP: 14/14 MP: 1/1
   107 | D:1      | Reached XP level 2. HP: 11/19 MP: 2/2
   431 | D:1      | Reached ** piety under Trog
   630 | D:2      | Reached XP level 3. HP: 17/24 MP: 3/3
   692 | D:2      | Noticed Robin
   700 | D:2      | Killed Robin
   823 | D:2      | Reached XP level 4. HP: 7/29 MP: 4/4
  1258 | D:2      | Reached skill level 4 in Fighting
  1352 | D:2      | Found a burning altar of Makhleb.
  1699 | D:3      | Noticed a moth of wrath
  1702 | D:3      | Found a bloodstained altar of Trog.
  1916 | D:3      | Slain by an orc

Levels and vault maps discovered:
D:1:      dpeg_arrival_solitude, layout_rooms
D:2:      layout_loops_cross, lightli_temple_of_fire, uniq_robin
D:3:      layout_loops_corners, tgw_trog

Skill      XL: |  1  2  3  4 |
---------------+-------------+-----
Axes           | 3 |  3.3
Dodging        | 2 |  2.3
Armour         | 3 |  3.1
Fighting       | 4 |  4.0

Action                   |  1- 3 |  4- 6 || total
-------------------------+-------+-------++-------
Melee: Hand axe          |    98 |    68 ||   166
Invok: Berserk           |     1 |     2 ||     3
       Trog's Hand       |       |     1 ||     1
  Eat: Chunk             |     1 |     5 ||     6
Armor: Animal skin       |    32 |    24 ||    56
Dodge: Dodged            |    65 |    39 ||   104
